 Dungeon Crawl Stone Soup version 0.29-a0-322-g68df515 (webtiles) character file.

Game seed: 13686512722688947444

553319 Toastz the Conqueror (level 25, -2/251 (257) HPs)
             Began as a Minotaur Berserker on Apr 6, 2022.
             Was a High Priest of Trog.
             Slain by a purple draconian
             ... wielding a +0 scimitar
              (15 damage)
             ... on level 1 of the Realm of Zot on Apr 7, 2022.
             The game lasted 04:08:45 (58056 turns).

Toastz the Conqueror (Minotaur Berserker)          Turns: 58056, Time: 04:08:45

HP:   -2/251 (257)  AC: 46    Str: 49      XL:     25   Next: 12%
MP:   7/7           EV: 21    Int: -1 (0)  God:    Trog [*****.]
Gold: 4338          SH:  5    Dex: 12 (13) Spells: 24/24 levels left

rFire   + . .      SeeInvis .   L - +1 glaive (antimagic)
rCold   + . .      Faith    .   (shield currently unavailable)
rNeg    . . .      Spirit   .   B - +9 scales of the Dragon King {rPois rF+ rC+ Will+}
rPois   +          Reflect  +   A - +2 hat
rElec   .          Harm     .   G - +1 cloak of Starlight {*Dazzle EV+4 Stlth--}
rCorr   .          Rampage  .   Y - +0 pair of gloves "Seiptos" {Str+6}
Will    +++++                   g - +2 pair of boots
Stlth   ..........              I - amulet of reflection
HPRegen 1.51/turn               j - +6 ring of strength
MPRegen 0.10/turn               U - +6 ring of strength

@: strong-willed, regenerating, slowed, lost intelligence, studying Axes,
lightly drained, invisible, unable to read, very slow
A: horns 2, retaliatory headbutt, deterioration 2, dopey 2, strong-willed 1
}: 3/15 runes: decaying, serpentine, silver
a: Renounce Religion, Berserk, Trog's Hand, Brothers in Arms


You were on level 1 of the Realm of Zot.
You worshipped Trog.
Trog was extremely pleased with you.
You visited 9 branches of the dungeon, and saw 44 of its levels.
You visited 1 bazaar.
You also visited: Gauntlet and Ice Cave.

You collected 7902 gold pieces.
You spent 3564 gold pieces at shops.

Inventory:

Hand Weapons
 a - the +8 bardiche "Transmigrator" {vorpal, rF+ rN+ SInv}
   (Trog gifted it to you on level 14 of the Dungeon)

   It inflicts extra damage upon your enemies.
   rF:        It protects you from fire.
   rN:        It protects you from negative energy.
   SInv:      It lets you see invisible.
 b - the +13 scythe of Curses {drain, Drain}
   (Trog gifted it to you on level 2 of the Depths)

   A truly terrible weapon, it drains the life of any living foe it strikes.
   It inflicts powerful necromantic curses on any living foe it strikes.
   Drain:     It drains your maximum health when unequipped.
 L - a +1 antimagic glaive (weapon)
Missiles
 N - 8 javelins (quivered)
Armour
 g - a +2 pair of boots (worn)
 A - a +2 hat (worn)
 B - the +9 scales of the Dragon King (worn) {rPois rF+ rC+ Will+}
   (You bought it in a shop on level 2 of the Orcish Mines)

   rF:        It protects you from fire.
   rC:        It protects you from cold.
   rPois:     It protects you from poison.
   Will:      It increases your willpower.
 G - the +1 cloak of Starlight (worn) {*Dazzle EV+4 Stlth--}
   (You found it in a Gauntlet)

   It may blind those who miss an attack against the wearer in melee combat.
   EV:        It affects your evasion (+4).
   Stlth:     It makes you much less stealthy.
 W - the +0 pair of gloves of Misanthropy {rElec rF+}
   (You found it in a Gauntlet)

   rF:        It protects you from fire.
   rElec:     It insulates you from electricity.
 Y - the +0 pair of gloves "Seiptos" (worn) {Str+6}
   (You found it on level 4 of the Depths)

   Str:       It affects your strength (+6).
Jewellery
 f - the ring "Peoco" {Wiz rC++ Will- Dex+2 Slay+3}
   (You found it on level 3 of the Elven Halls)

   [ring of wizardry]

   It improves your spell success rate.
   Dex:       It affects your dexterity (+2).
   Slay:      It affects your accuracy & damage with ranged weapons and melee
   (+3).
   rC:        It greatly protects you from cold.
   Will:      It decreases your willpower.
 j - a +6 ring of strength (left hand)
 p - an amulet of the acrobat
 q - the ring of Disaster {Fly rElec rPois}
   (You found it in a Gauntlet)

   [ring of flight]

   rElec:     It insulates you from electricity.
   rPois:     It protects you from poison.
   Fly:       It grants you flight.
 t - an amulet of regeneration
 I - an amulet of reflection (around neck)
 T - the amulet of the Four Winds {rN+ Will+++ Clar}
   (You took it off a minotaur in a Gauntlet)

   [amulet of nothing]

   rN:        It protects you from negative energy.
   Clar:      It protects you against confusion.
   Will:      It greatly increases your willpower.
 U - a +6 ring of strength (right hand)
Wands
 k - a wand of digging (10)
 s - a wand of iceblast (63)
 K - a wand of paralysis (18)
 M - a wand of mindburst (26)
 P - a wand of polymorph (27)
 R - a wand of charming (9)
 V - a wand of acid (12)
Scrolls
 c - 5 scrolls of immolation
 h - 10 scrolls of magic mapping
 o - 13 scrolls of fog
 u - 6 scrolls of summoning
 w - 11 scrolls of torment
 y - 3 scrolls of holy word
 z - 8 scrolls of blinking
 C - 17 scrolls of teleportation
 H - 7 scrolls of silence
 S - 8 scrolls of fear
Potions
 e - 4 potions of cancellation
 i - 9 potions of might
 l - 13 potions of haste
 m - 21 potions of mutation
 v - 22 potions of curing
 x - 4 potions of heal wounds
 E - 7 potions of ambrosia
 J - 3 potions of invisibility
 O - 2 potions of resistance
 Z - 4 potions of attraction
Miscellaneous
 d - a box of beasts
 n - a phantom mirror (inert)
 r - a piece from Xom's chessboard (15/15)
 D - a phial of floods
 F - a condenser vane
 Q - a tin of tremorstones (2/2)
 X - a lightning rod (4/4)


   Skills:
 O Level 27 Fighting
 - Level 10.5(19.4) Axes
 - Level 25.3(26.0) Polearms
 - Level 25.0 Armour
 + Level 21.1 Dodging
 - Level 17.0 Evocations


You had 24 spell levels left.
You didn't know any spells.
Your spell library contained the following spells:

 Spells                   Type           Power      Damage    Failure   Level
 Ensorcelled Hibernation  Hex/Ice        0%         N/A       98%         2
 Spider Form              Tmut/Pois      0%         N/A       100%        3
 Anguish                  Hex/Necr       0%         N/A       100%        4


Dungeon Overview and Level Annotations

Branches:
Dungeon (15/15)            Temple (0/1) D:5            Lair (6/6) D:9
  Swamp (4/4) Lair:2        Snake (4/4) Lair:4        Slime (0/5) Lair:6
    Orc (2/2) D:11            Elf (3/3) Orc:2        Vaults (5/5) D:13
  Crypt (0/3) Vaults:2     Depths (4/4) D:15            Zot (1/5) Depths:4
  IceCv (visited)         Gauntlet (visited)

Altars:
Cheibriados
Dithmenos
Elyvilon
Fedhas
Gozag
Kikubaaqudgha
Makhleb
Nemelex Xobeh
Okawaru
Qazlal
Ru
Sif Muna
Trog
Uskayaw
Wu Jian
Xom
Zin
The Shining One
Beogh
Jiyva
Lugonu

Shops:
D:11 *   D:12 (:*(   D:13 =   Orc:2 *[:(   Elf:1 ?   Snake:3 !   Snake:4 !
Depths:4 *==:

Portals:
Hell: Depths:1 Depths:2 Depths:3 Depths:4
Abyss: Lair:6 Depths:1 Depths:3 Depths:4
Pandemonium: Depths:2
Ziggurat: Depths:3
Bazaar: Depths:3
Trove: Vaults:4 (lose all piety)

Annotations:
D:11 exclusion: 4 oklob plants
Elf:2 3 runed translucent doors


Innate Abilities, Weirdness & Mutations

You have a pair of horns on your head.
You reflexively headbutt those who attack you in melee.
Your body often deteriorates upon taking damage.
You are very dopey. (Int -4)
You are strong-willed. (Will+)


Message History

The purple draconian goes berserk!
Your red draconian hits the shadow dragon with a +0 long sword!
The purple draconian misses you. You furiously retaliate!
You headbutt the purple draconian!
The shadow dragon barely misses your red draconian.
The shadow dragon claws your red draconian.
The shadow dragon claws your red draconian!
Your red draconian hits the shadow dragon with a +0 long sword.
Your red draconian breathes fire at the storm dragon.
The searing blast hits the storm dragon!
You fade into invisibility!
The storm dragon is no longer blind.
The shadow dragon completely misses your red draconian.
The shadow dragon claws your red draconian!
The shadow dragon misses your red draconian.
The purple draconian closely misses you.
You furiously retaliate!
You headbutt the purple draconian.
The storm dragon is engulfed in blazing flames.
The storm dragon bites your red draconian.
The storm dragon barely misses your red draconian.
The storm dragon tramples your red draconian!
Your red draconian stumbles backwards!
Your red draconian hits the shadow dragon with a +0 long sword!
Your red draconian hits the storm dragon but does no damage.
The purple draconian hits you with a +0 scimitar!!
* * * LOW HITPOINT WARNING * * *
The shadow dragon bites your red draconian but does no damage.
The shadow dragon barely misses your red draconian.
The shadow dragon claws your red draconian!
Your red draconian dies!
Your red draconian's corpse dissolves into shadows!
The storm dragon breathes lightning at your red draconian.
The bolt of lightning hits your red draconian!
Your troll goes berserk!
Your red draconian dissolves into shadows!
The shadow dragon bites you but does no damage.
The shadow dragon claws you but does no damage.
The shadow dragon barely misses you. The purple draconian barely misses you.
The purple draconian hits you with a +0 scimitar!
You die...

**≈≈,,,,,,,,○,,,,,,,,≈≈**
******≈≈,..............≈≈**
,,,,,*≈,,...............≈* ***
****,*≈≈≈≈...........§§≈≈######,,
*,,,,***≈.≈.........≈§≈**#....+,,
*,,,,,,**#§≈§≈...≈≈≈§#** #....#,,
*,,,**,,,*#§≈...°.≈§#* #....#,.
*,,,****,##≈..)dDz.○## *#...#,.
*,,,* *,#§≈....@.y§§######...###
,,,,* *,#§§§....DT§§#...........
*,,,* *,##≈§.....§≈##.####...###
*,,,* *,#≈§≈.....≈≈≈#.# #.⌠[.##
*,,,* *,#≈≈§§..)§§≈≈#.# #.##..#
**,** *.###≈≈§.≈≈§###.####.##...
**,* *..,##≈§.≈≈##.....##)##..#
,,,******#.,##§§§##..#..)...##..#
,,,*,,,***#.,##.##..##[...#####.#


You could see a shadow dragon (berserk), a storm dragon (can't see you, catching
breath, ally target), a purple draconian (berserk, blind), a curse toe, a moth
of wrath (can't see you) and a friendly troll (summoned, berserk).

Vanquished Creatures
  2 ancient liches
  Mara (Swamp:3)
  Mennas (Vaults:4)
  A juggernaut (Depths:2)
  Boris (twice) (Vaults:4 Vaults:5)
  Frederick (Vaults:2)
  Bai Suzhen (Snake:3)
  A Killer Klown (Zot:1)
  The ghost of Inuut the Hoplite, a veteran HOFi of Beogh (Depths:1)
  The ghost of Bieg the Hoplite, a veteran HOFi of Beogh (Depths:4)
  2 caustic shrikes
  Saint Roka (Orc:2)
  Vashnia (Snake:2)
  3 golden dragons
  the Enchantress (Depths:1)
  Jory (Vaults:3)
  A bone dragon (Depths:4)
  Zenata (Vaults:2)
  4 liches
  8 titans
  2 deep elf blademasters (Elf:3)
  The ghost of ultrashaft the Warrior, an adept MiWn of Nemelex Xobeh (Snake:3)
  10 tentacled monstrosities
  4 deep elf master archers (Elf:3)
  3 quicksilver dragons
  A walking divine tome (Depths:1)
  An ancient champion (Vaults:2)
  Agnes (Snake:1)
  8 sphinxes
  The ghost of Upuhic the Executioner, an adept HOMo of Uskayaw (Snake:2)
  6 shadow dragons
  4 storm dragons
  11 tengu reavers
  2 thorn hunters
  Donald (Snake:1)
  Kirke (D:14)
  Roxanne (Snake:1)
  A draconian monk (Depths:4)
  A fenstrider witch (Swamp:2)
  6 nagarajas (Snake:4)
  10 deep elf sorcerers
  4 fire giants
  The ghost of Toastz the Bewitcher, an adept KoEn of Uskayaw (D:13)
  9 frost giants
  An iron dragon (Depths:2)
  19 ironbound preservers
  An orc warlord (Orc:2)
  Aizul (Snake:1)
  7 deep elf elementalists
  17 vault wardens
  2 draconian shifters
  Louise (D:14)
  7 spriggan defenders
  The ghost of Ceniukim the Peltast, a journeyman GrFi of Jiyva (Orc:1)
  A draconian stormcaller (Zot:1)
  4 war gargoyles
  7 ironbound thunderhulks
  12 stone giants
  A reaper (Depths:3)
  22 very ugly things
  2 green draconians
  6 deep elf demonologists
  5 black draconians
  3 eleionomae
  5 spark wasps
  2 entropy weavers
  4 red draconians
  The ghost of Keonix the Grappler, a journeyman TrFi of Okawaru (Orc:1)
  3 yellow draconians
  7 bunyips
  8 deep elf annihilators
  6 dire elephants
  A minotaur (Gauntlet)
  3 white draconians
  An iron golem (Depths:1)
  14 ettins
  2 green deaths (Swamp:4)
  A great orb of eyes (shapeshifter) (Vaults:5)
  6 deep elf death magi
  8 fire dragons
  A spectral spriggan (Depths:4)
  11 yaktaur captains
  3 spectral golden dragons (Depths:4)
  3 great orbs of eyes
  33 vault guards
  7 deep elf high priests
  6 rakshasas
  8 ice dragons
  2 hell beasts (Depths:1)
  16 naga warriors
  4 boulder beetles
  9 hydras
  Erolcha (Orc:2)
  A catoblepas (Gauntlet)
  A peacekeeper (Vaults:2)
  5 salamander tyrants (Snake:4)
  2 ogre magi (Vaults:5)
  A death knight (D:13)
  3 ghost crabs
  2 spriggan air magi
  A spectral shadow dragon (Depths:4)
  10 ironbound frosthearts
  5 anacondas
  19 dancing weapons
  10 alligators
  18 centaur warriors
  4 deep troll shamans
  4 two-headed ogres
  9 tengu warriors
  3 hell hogs (Depths:3)
  5 spriggan berserkers
  A vampire mage (Depths:2)
  25 death yaks
  6 thrashing horrors
  11 shock serpents
  5 orc high priests
  5 deep troll earth magi
  20 hell knights
  12 deep elf knights
  2 shadow wraiths (Vaults:5)
  12 naga sharpshooters
  The ghost of ExtraWatermelon the Cleaver, a novice DsCA of Uskayaw (D:7)
  5 skeletal warriors
  72 deep trolls
  5 iron trolls
  Amaemon (D:11)
  A sea snake (shapeshifter) (Vaults:5)
  3 goliath frogs
  3 salamander mystics (Snake:4)
  5 naga ritualists
  The ghost of ultrashaft the Frost Mage, a novice OgIE (D:5)
  2 spriggan druids
  5 glowing orange brains
  A quicksilver dragon simulacrum (Depths:1)
  6 bog bodies
  An orange crystal statue (IceCv)
  22 ironbound convokers
  8 wizards
  9 swamp dragons
  24 deep elf zephyrmancers
  15 deep elf archers
  A tengu zombie (Depths:2)
  Pikel (D:8)
  A golden dragon skeleton (Depths:2)
  32 deep elf pyromancers
  3 phantasmal warriors
  7 orc knights
  A wolf spider (Lair:6)
  9 mana vipers
  7 necromancers
  A mana viper (shapeshifter) (Elf:2)
  An oklob plant (Lair:1)
  8 cyclopes
  3 orc sorcerers (Orc:2)
  9 lindwurms
  11 salamanders
  30 slime creatures
  A manticore (D:15)
  11 will-o-the-wisps
  A sphinx skeleton (Depths:2)
  47 ugly things
  8 elephants
  4 guardian serpents
  7 moths of wrath
  A fire giant skeleton (Depths:2)
  18 vault sentinels
  46 black mambas
  An eye of devastation (shapeshifter) (Vaults:5)
  2 gargoyles
  7 naga magi
  4 smoke demons (Lair:6)
  A torpor snail (shapeshifter) (Depths:2)
  16 rime drakes
  12 cane toads
  2 freezing wraiths (Vaults:5)
  An unseen horror (D:12)
  5 orange demons
  9 komodo dragons
  An efreet (D:11)
  33 yaktaurs
  4 tengu conjurers
  4 kobold demonologists
  2 ancient zymes (Lair:6)
  A spectral glowing shapeshifter (Depths:4)
  A yaktaur (shapeshifter) (Vaults:5)
  A queen bee (D:11)
  15 trolls
  A queen bee (shapeshifter) (Elf:2)
  6 tyrant leeches
  2 bloated husks (Swamp:4)
  8 polar bears (IceCv)
  2 golden dragon simulacra (Depths:4)
  7 hornets
  A wind drake (shapeshifter) (D:14)
  15 blink frogs
  6 dream sheep (Lair:6)
  2 slime creatures (shapeshifter)
  A frost giant simulacrum (Depths:2)
  3 shadows
  2 vampires
  A ynoxinul (Lair:6)
  4 air elementals
  A water elemental (Elf:2)
  6 wraiths
  A yak (shapeshifter) (Vaults:5)
  7 spriggans
  2 hogs (D:14)
  A wyvern (D:9)
  6 basilisks
  22 yaks
  A steam dragon (D:7)
  2 fire elementals (Elf:2)
  6 vampire mosquitoes
  A redback (Vaults:1)
  2 chaos spawn (Lair:6)
  14 swamp worms
  42 nagas
  8 wargs
  22 water moccasins
  5 acid dragons
  Duvessa (D:4)
  A floating eye (Depths:2)
  6 large abominations
  2 sky beasts (D:6)
  A swamp drake (Swamp:2)
  35 orc warriors
  2 ice beasts
  10 ogres
  3 black bears
  An elephant zombie (Lair:5)
  23 wolves
  3 ettin simulacra (Depths:3)
  A boggart (shapeshifter) (Depths:1)
  14 centaurs
  10 kobold brigands
  3 lemures (D:8)
  A komodo dragon zombie (Lair:5)
  Blork the orc (D:6)
  15 bullfrogs
  An earth elemental (Elf:1)
  A gnoll sergeant (D:6)
  2 glowing shapeshifter simulacra (Depths:4)
  A necrophage (D:6)
  2 scorpions
  12 wights
  Dowan (D:4)
  46 killer bees
  7 electric eels
  5 howler monkeys
  A gnoll shaman (D:6)
  3 hounds
  2 basilisk zombies (Lair:5)
  21 orc priests
  A jelly (D:7)
  3 iguanas
  33 orc wizards
  11 small abominations
  12 gnolls
  6 adders
  A shadow imp (D:7)
  2 ufetubi
  A dart slug (D:3)
  114 orcs
  5 endoplasms
  3 giant cockroaches
  5 hobgoblins
  9 jackals
  A quokka (D:2)
  8 ball pythons
  4 bats
  3 frilled lizards
  5 goblins
  31 kobolds
  7 rats
  A briar patch (Swamp:4)
  A butterfly (Lair:3)
1919 creatures vanquished.

Vanquished Creatures (collateral kills)
  An orb of fire (Zot:1)
  A fire giant (Vaults:5)
  A vault warden (Vaults:5)
  A draconian annihilator (Zot:1)
  A white draconian (Zot:1)
  A deep elf death mage (Elf:3)
  An ettin (Vaults:5)
  A fire dragon (Depths:1)
  A crystal guardian (Vaults:2)
  A yaktaur captain (Vaults:2)
  An ironbound convoker (Vaults:5)
  An orc knight (Orc:1)
  2 orc warriors (Orc:1)
  An ogre (Orc:1)
  An orc priest (Orc:1)
  An orc wizard (Orc:1)
  2 orcs (Orc:1)
19 creatures vanquished.

Vanquished Creatures (others)
  A deep elf knight (Elf:1)
  A death drake (Swamp:3)
  A deep troll (Vaults:3)
  2 ironbound convokers
  A guardian serpent (Snake:1)
  A bloated husk (Swamp:3)
  2 humans (D:14)
  A swamp worm (Swamp:4)
  A sky beast (D:7)
  A killer bee (D:11)
  An orc wizard (Orc:2)
  A kobold (D:10)
  5 briar patches
  14 demonic plants (Gauntlet)
  17 foxfires
  40 fungi
  32 plants
  9 toadstools (Lair:1)
131 creatures vanquished.

Grand Total: 2069 creatures vanquished

Notes
Turn   | Place    | Note
-------+----------+-------------------------------------------
     0 | D:1      | Toastz the Minotaur Berserker began the quest for the Orb.
     0 | D:1      | Reached XP level 1. HP: 19/19 MP: 0/0
   270 | D:1      | Reached skill level 4 in Fighting
   270 | D:1      | Reached XP level 2. HP: 19/27 MP: 1/1
   602 | D:1      | Reached ** piety under Trog
   972 | D:2      | Reached XP level 3. HP: 31/34 MP: 2/2
  1984 | D:3      | Reached skill level 5 in Axes
  1984 | D:3      | Reached XP level 4. HP: 41/41 MP: 3/3
  2064 | D:3      | Reached skill level 5 in Fighting
  2291 | D:3      | Reached XP level 5. HP: 48/48 MP: 4/4
  2507 | D:4      | Noticed Duvessa
  2507 | D:4      | Noticed Dowan
  2601 | D:4      | Noticed an ogre
  2611 | D:4      | Killed an ogre
  2612 | D:4      | Reached skill level 6 in Fighting
  2692 | D:4      | Reached *** piety under Trog
  2695 | D:4      | Reached XP level 6. HP: 57/57 MP: 5/5
  2855 | D:4      | Killed Duvessa
  2859 | D:4      | Killed Dowan
  3112 | D:5      | Entered Level 5 of the Dungeon
  3118 | D:5      | Reached skill level 7 in Fighting
  3118 | D:5      | Reached XP level 7. HP: 33/66 MP: 6/6
  3357 | D:5      | Noticed a vampire
  3370 | D:5      | Killed a vampire
  3420 | D:5      | Found a staircase to the Ecumenical Temple.
  3595 | D:5      | Noticed ultrashaft's ghost (novice OgIE)
  3595 | D:5      | Noticed a shadow
  3597 | D:5      | Noticed a hornet
  3600 | D:5      | Found a runed translucent gate.
  3600 | D:5      | Found a runed translucent gate.
  3600 | D:5      | Found a runed translucent gate.
  3807 | D:6      | Noticed a troll
  3817 | D:6      | Killed a troll
  3818 | D:6      | Reached skill level 5 in Armour
  3818 | D:6      | Reached XP level 8. HP: 74/74 MP: 7/7
  3924 | D:6      | Reached skill level 8 in Fighting
  4151 | D:6      | Reached skill level 9 in Fighting
  4158 | D:6      | Reached skill level 10 in Axes
  4287 | D:6      | Noticed Blork the orc
  4295 | D:6      | Killed Blork the orc
  4296 | D:6      | Reached skill level 1 in Polearms
  4296 | D:6      | Reached XP level 9. HP: 83/83 MP: 8/8
  4420 | D:6      | Found a blossoming altar of Fedhas.
  4425 | D:6      | Identified the +6 chain mail of the Well-Known Wars {+Blink
                  | rPois rF+ Str+4}
  4546 | D:6      | Found a white marble altar of Elyvilon.
  4552 | D:6      | Found a glowing golden altar of the Shining One.
  4553 | D:6      | Found a burning altar of Makhleb.
  4671 | D:6      | Found a shimmering blue altar of Sif Muna.
  4673 | D:6      | Found an ancient bone altar of Kikubaaqudgha.
  4674 | D:6      | Found a shimmering altar of Xom.
  4678 | D:6      | Found a bloodstained altar of Trog.
  4681 | D:6      | Found a hide-covered altar of Uskayaw.
  4682 | D:6      | Found a sparkling altar of Nemelex Xobeh.
  4774 | D:7      | Found a runed translucent door.
  4782 | D:7      | Reached skill level 5 in Polearms
  4987 | D:7      | Found a shimmering altar of Xom.
  4987 | D:7      | Noticed ExtraWatermelon's ghost (novice DsCA)
  4988 | D:7      | Noticed a +1 dagger of chaos
  5065 | D:7      | Reached skill level 10 in Fighting
  5547 | D:7      | Reached skill level 10 in Polearms
  5701 | D:8      | Noticed a two-headed ogre
  5704 | D:8      | Killed a two-headed ogre
  5705 | D:8      | Reached XP level 10. HP: 93/93 MP: 9/9
  5865 | D:8      | Reached **** piety under Trog
  6217 | D:8      | Noticed Pikel
  6225 | D:8      | Killed Pikel
  6226 | D:8      | Reached skill level 15 in Polearms
  6708 | D:9      | Found a sacrificial altar of Ru.
  7004 | D:9      | Reached XP level 11. HP: 97/101 MP: 10/10
  7062 | D:9      | Found a staircase to the Lair.
  7073 | D:9      | Reached ***** piety under Trog
  7081 | D:9      | Reached skill level 11 in Fighting
  7854 | D:9      | Noticed a deep elf archer
  7869 | D:9      | Killed a deep elf archer
  8046 | D:9      | Noticed a rakshasa
  8054 | D:9      | Killed a rakshasa
  8055 | D:9      | Reached skill level 12 in Fighting
  8218 | D:9      | Noticed a skeletal warrior
  8228 | D:9      | Killed a skeletal warrior
  8300 | D:10     | Entered Level 10 of the Dungeon
  8680 | D:10     | Found a stormy altar of Qazlal.
  8700 | D:10     | Found an iron altar of Okawaru.
  9304 | D:11     | Found Zin's Purification Station.
  9307 | D:11     | Found a glowing silver altar of Zin.
  9334 | D:11     | Reached skill level 13 in Fighting
  9483 | D:11     | Found a staircase to the Orcish Mines.
  9656 | D:11     | Noticed Amaemon
  9684 | D:11     | Killed Amaemon
  9800 | D:11     | Noticed a two-headed ogre
  9819 | D:11     | Killed a two-headed ogre
  9820 | D:11     | Reached XP level 12. HP: 115/115 MP: 11/11
  9833 | D:11     | Noticed a centaur warrior
  9841 | D:11     | Killed a centaur warrior
  9857 | D:11     | Noticed a boulder beetle
  9863 | D:11     | Reached skill level 14 in Fighting
  9884 | D:11     | Killed a boulder beetle
 10014 | D:11     | Reached skill level 5 in Dodging
 10014 | D:11     | Noticed a five-headed hydra
 10025 | D:11     | Killed an eight-headed hydra
 10025 | D:11     | Received a gift from Trog
 10035 | D:11     | Noticed a centaur warrior
 10040 | D:11     | Killed a centaur warrior
 10600 | D:11     | Reached skill level 15 in Fighting
 10763 | D:5      | Reached skill level 10 in Armour
 10765 | D:5      | Killed ultrashaft's ghost
 10994 | D:7      | Killed ExtraWatermelon's ghost
 11114 | Lair:1   | Entered Level 1 of the Lair of Beasts
 11161 | Lair:1   | Reached XP level 13. HP: 128/128 MP: 12/12
 11340 | Lair:1   | Reached skill level 16 in Fighting
 11766 | Lair:1   | Found a blossoming altar of Fedhas.
 12193 | Lair:2   | Found a staircase to the Swamp.
 12341 | Lair:2   | Received a gift from Trog
 13551 | Lair:4   | Reached skill level 17 in Fighting
 13590 | Lair:4   | Found a staircase to the Snake Pit.
 13834 | Lair:4   | Reached skill level 1 in Evocations
 14750 | Lair:5   | Reached XP level 14. HP: 140/140 MP: 13/13
 15205 | Lair:5   | Reached skill level 5 in Evocations
 15369 | Lair:6   | Entered Level 6 of the Lair of Beasts
 15793 | Lair:6   | Reached skill level 10 in Dodging
 15813 | Lair:6   | Found a viscous altar of Jiyva.
 15813 | Lair:6   | Found a staircase to the Slime Pits.
 16003 | Lair:6   | Reached ****** piety under Trog
 16151 | Lair:6   | Reached skill level 18 in Fighting
 16266 | Lair:6   | Received a gift from Trog
 16675 | Lair:6   | Found a corrupted altar of Lugonu.
 16675 | Lair:6   | Found a one-way gate to the infinite horrors of the Abyss.
 16928 | Orc:1    | Entered Level 1 of the Orcish Mines
 16936 | Orc:1    | Found a runed translucent gate.
 16938 | Orc:1    | Found a runed translucent gate.
 16939 | Orc:1    | Found a runed translucent gate.
 16943 | Orc:1    | Noticed Ceniukim's ghost (journeyman GrFi)
 16943 | Orc:1    | Noticed Keonix's ghost (journeyman TrFi)
 16999 | Orc:1    | Killed Ceniukim's ghost
 17000 | Orc:1    | Reached XP level 15. HP: 149/149 MP: 14/14
 17005 | Orc:1    | Killed Keonix's ghost
 17081 | Orc:2    | Entered Level 2 of the Orcish Mines
 17084 | Orc:2    | Noticed Saint Roka
 17213 | Orc:2    | Killed Saint Roka
 17214 | Orc:2    | Reached skill level 15 in Armour
 17368 | Orc:2    | Noticed Erolcha
 17396 | Orc:2    | Killed Erolcha
 17439 | Orc:2    | Found a staircase to the Elven Halls.
 17688 | Orc:2    | Noticed an orc warlord
 18212 | Orc:2    | Killed an orc warlord
 18333 | Orc:2    | Received a gift from Trog
 18787 | Orc:2    | Found Paothrom's General Store.
 18788 | Orc:2    | Found Giyrru Sil's Book Shoppe.
 18790 | Orc:2    | Found Hybrigoi's Antique Armour Shoppe.
 18790 | Orc:2    | Found Ilorgho's Antique Weapon Emporium.
 18815 | Orc:2    | Bought the +9 scales of the Dragon King {rPois rF+ rC+
                  | Will+} for 1622 gold pieces
 18815 | Orc:2    | Found the +9 scales of the Dragon King {rPois rF+ rC+
                  | Will+}
 18836 | Orc:2    | Bought a dazzling cloak for 323 gold pieces
 18836 | Orc:2    | Identified the +2 cloak "Udynnaegig" {Dex+2} (You bought it
                  | in a shop on level 2 of the Orcish Mines)
 19399 | D:12     | Found Wittaza's Weapon Emporium.
 19401 | D:12     | Found Vanus's General Store.
 19401 | D:12     | Found Juimaawn's Book Emporium.
 19403 | D:12     | Found Yhuchosh's Weapon Emporium.
 19416 | D:12     | Bought a scroll of fog for 32 gold pieces
 19416 | D:12     | Bought a scroll of blinking for 120 gold pieces
 19795 | D:13     | Found Utwo's Jewellery Shoppe.
 20253 | D:13     | Found a runed translucent gate.
 20254 | D:13     | Found a runed translucent gate.
 20259 | D:13     | Found a runed translucent gate.
 20260 | D:13     | Noticed Toastz's ghost (adept KoEn)
 20373 | D:13     | Found a gate to the Vaults.
 20506 | D:13     | Found an iron altar of Okawaru.
 20545 | D:13     | Killed Toastz's ghost
 21078 | Orc:2    | Bought a pair of boots for 153 gold pieces
 21237 | D:14     | Noticed Louise
 21250 | D:14     | Killed Louise
 21251 | D:14     | Reached skill level 19 in Fighting
 21349 | D:14     | Identified the +8 bardiche "Transmigrator" {vorpal, rF+ rN+
                  | SInv} (Trog gifted it to you on level 14 of the Dungeon)
 21349 | D:14     | Received a gift from Trog
 21354 | D:14     | Noticed Kirke
 21381 | D:14     | Killed Kirke
 22028 | D:14     | Reached XP level 16. HP: 160/160 MP: 15/15
 22243 | D:15     | Entered Level 15 of the Dungeon
 22349 | D:15     | Found a gate leading to a gauntlet.
 22397 | Gauntlet | Entered a Gauntlet
 22397 | Gauntlet | Found a transporter.
 22406 | Gauntlet | Found a transporter.
 22421 | Gauntlet | Found a transporter.
 22426 | Gauntlet | Found a transporter.
 22441 | Gauntlet | Found a transporter.
 22460 | Gauntlet | Found a transporter.
 22472 | Gauntlet | Found a transporter.
 22484 | Gauntlet | Found a transporter.
 22493 | Gauntlet | Found the +1 cloak of Starlight {*Dazzle EV+4 Stlth--}
 22496 | Gauntlet | Found a transporter.
 22508 | Gauntlet | Found a transporter.
 22514 | Gauntlet | Found a transporter.
 22514 | Gauntlet | Found a transporter.
 22553 | Gauntlet | Found a transporter.
 22578 | Gauntlet | Found a transporter.
 22580 | Gauntlet | Found a transporter.
 22600 | Gauntlet | Found a transporter.
 22678 | Gauntlet | Found a transporter.
 22698 | Gauntlet | Found a transporter.
 22892 | Gauntlet | Identified the ring "Suecias" {rF- MP+9 Int+3 SInv}
 23026 | Gauntlet | Identified the +0 chain mail of the Bedazzled God {Rampage
                  | rElec rF++ Int-3}
 23141 | Gauntlet | Identified the +0 pair of gloves of Misanthropy {rElec rF+}
 23141 | Gauntlet | Identified the ring of Disaster {Fly rElec rPois}
 23307 | D:15     | Found a staircase to the Depths.
 23980 | D:15     | Found an ornate altar of the Wu Jian Council.
 24565 | Swamp:1  | Entered Level 1 of the Swamp
 25240 | Swamp:2  | Received a gift from Trog
 25505 | Swamp:2  | Identified the +1 robe "Alopui" {+Blink rCorr Int-3 SInv
                  | Stlth-}
 25704 | Swamp:2  | Noticed a tentacled monstrosity
 25715 | Swamp:2  | Killed a tentacled monstrosity
 25762 | Swamp:2  | Noticed a thorn hunter
 25782 | Swamp:2  | Killed a thorn hunter
 26418 | Swamp:3  | Found an opulent altar of Gozag.
 26844 | Swamp:3  | Noticed Mara
 26853 | Swamp:3  | Killed Mara
 27083 | Swamp:4  | Entered Level 4 of the Swamp
 27210 | Swamp:4  | Noticed a tentacled monstrosity
 27220 | Swamp:3  | Reached XP level 17. HP: 149/168 MP: 16/16
 27276 | Swamp:4  | Killed a tentacled monstrosity
 28014 | Swamp:4  | Received a gift from Trog
 28259 | Swamp:4  | Noticed a tentacled monstrosity
 28271 | Swamp:4  | Killed a tentacled monstrosity
 28473 | Swamp:4  | Got a decaying rune of Zot
 28985 | Snake:1  | Entered Level 1 of the Snake Pit
 29116 | Snake:1  | Noticed Roxanne
 29134 | Snake:1  | Killed Roxanne
 29271 | Snake:1  | Noticed Aizul
 29283 | Snake:1  | Killed Aizul
 29673 | Snake:1  | Reached skill level 10 in Evocations
 30252 | Snake:1  | Noticed Agnes
 30261 | Snake:1  | Killed Agnes
 30477 | Snake:1  | Noticed Donald
 30486 | Snake:1  | Killed Donald
 31278 | Snake:2  | Reached skill level 20 in Fighting
 31423 | Snake:2  | Identified the +8 long sword "Goblinbane" {pain, rN+ SInv}
 31609 | Snake:2  | Found a transporter.
 31740 | Snake:2  | Noticed Upuhic's ghost (adept HOMo)
 31746 | Snake:2  | Found a transporter.
 31752 | Snake:2  | Found a bloodstained altar of Trog.
 31894 | Snake:2  | Noticed Vashnia
 31905 | Snake:2  | Killed Vashnia
 31906 | Snake:2  | Reached XP level 18. HP: 169/178 MP: 17/17
 32446 | Snake:3  | Noticed Bai Suzhen
 32462 | Snake:3  | Killed Bai Suzhen
 32552 | Snake:3  | Identified a scroll of acquirement
 32553 | Snake:3  | Acquired 917 gold pieces
 32563 | Snake:3  | Found a runed translucent door.
 32564 | Snake:3  | Found a shimmering altar of Xom.
 32564 | Snake:3  | Noticed ultrashaft's ghost (adept MiWn)
 32745 | Snake:3  | Found Ihelilud's Distillery.
 32808 | Snake:3  | Killed ultrashaft's ghost
 32935 | Snake:4  | Entered Level 4 of the Snake Pit
 33392 | Snake:4  | Received a gift from Trog
 33600 | Snake:4  | Found a frozen archway.
 33668 | IceCv    | Entered an ice cave
 34782 | IceCv    | Reached skill level 21 in Fighting
 34979 | Snake:4  | Reached XP level 19. HP: 190/190 MP: 18/18
 35026 | Snake:4  | Received a gift from Trog
 35299 | Snake:4  | Got a serpentine rune of Zot
 36312 | Snake:4  | Found Umuo's Distillery.
 36320 | Snake:4  | Bought a potion of heal wounds for 95 gold pieces
 36320 | Snake:4  | Bought a potion of heal wounds for 95 gold pieces
 36320 | Snake:4  | Bought a potion of cancellation for 152 gold pieces
 36320 | Snake:4  | Bought a potion of curing for 57 gold pieces
 36654 | Snake:2  | Reached XP level 20. HP: 199/199 MP: 19/19
 36661 | Snake:2  | Killed Upuhic's ghost
 37018 | Vaults:1 | Entered Level 1 of the Vaults
 37043 | Vaults:1 | Found a flickering gateway to a bazaar.
 37187 | Bazaar   | Entered a bazaar
 37193 | Bazaar   | Found Wumoogiu's Jewellery Emporium.
 37193 | Bazaar   | Found Toessua's Book Shoppe.
 37289 | Vaults:1 | Received a gift from Trog
 37350 | Vaults:1 | Reached skill level 22 in Fighting
 37351 | Vaults:1 | Reached skill level 15 in Dodging
 39251 | Vaults:2 | Received a gift from Trog
 39317 | Vaults:2 | Noticed Zenata
 39327 | Vaults:2 | Killed Zenata
 39715 | Vaults:2 | Noticed Frederick
 40050 | Vaults:2 | Killed Frederick
 40498 | Vaults:2 | Received a gift from Trog
 40671 | Vaults:2 | Found a staircase to the Crypt.
 40842 | Vaults:2 | Noticed an ancient lich
 41355 | Vaults:3 | Reached XP level 21. HP: 196/210 MP: 20/20
 41369 | Vaults:3 | Reached skill level 23 in Fighting
 41372 | Vaults:3 | Paralysed by a sphinx for 4 turns
 41852 | Vaults:3 | Identified the +7 glaive "Udutotha" {flame, Str+2} (Trog
                  | gifted it to you on level 3 of the Vaults)
 41852 | Vaults:3 | Received a gift from Trog
 42106 | Vaults:3 | Noticed Jory
 42115 | Vaults:3 | Killed Jory
 42843 | Vaults:4 | Noticed Mennas
 42889 | Vaults:4 | Killed Mennas
 43206 | Vaults:4 | Noticed Boris
 43216 | Vaults:4 | Killed Boris
 43217 | Vaults:4 | Reached skill level 24 in Fighting
 43919 | Vaults:4 | Found a portal to a secret trove of treasure.
 44408 | Elf:1    | Entered Level 1 of the Elven Halls
 44506 | Elf:1    | Acquired 576 gold pieces
 44538 | Elf:1    | Found Qoikiufi's Magic Scroll Shop.
 44559 | Elf:1    | Bought a scroll of blinking for 75 gold pieces
 44559 | Elf:1    | Bought 3 scrolls of fog for 60 gold pieces
 44559 | Elf:1    | Bought a scroll of blinking for 75 gold pieces
 44624 | Elf:1    | Paralysed by an air elemental for 1 turns
 44881 | Elf:1    | Received a gift from Trog
 45147 | Elf:1    | Reached skill level 15 in Evocations
 46350 | Elf:2    | Paralysed by an air elemental for 1 turns
 46351 | Elf:2    | Reached XP level 22. HP: 181/222 MP: 21/21
 46353 | Elf:2    | Paralysed by an air elemental for 1 turns
 46386 | Elf:2    | Identified the +3 quarterstaff "Ystil Emuaq" {flame, rElec
                  | Dex+3} (Trog gifted it to you on level 2 of the Elven
                  | Halls)
 46386 | Elf:2    | Received a gift from Trog
 46727 | Elf:2    | Found a runed translucent gate.
 46727 | Elf:2    | Found a runed translucent gate.
 46730 | Elf:2    | Found a runed translucent gate.
 47054 | Elf:3    | Entered Level 3 of the Elven Halls
 47313 | Elf:3    | Paralysed by an air elemental for 1 turns
 47494 | Elf:3    | Identified the +2 halberd "Giqin" {vorpal, Stlth+} (Trog
                  | gifted it to you on level 3 of the Elven Halls)
 47494 | Elf:3    | Received a gift from Trog
 48108 | Elf:3    | Identified the +6 hunting sling of the Lurker {vorpal,
                  | Int+2}
 48109 | Elf:3    | Identified the +1 chain mail of the Nexus {rF+}
 48123 | Elf:3    | Identified the +8 battleaxe "Lyegh" {speed, rElec Str+2}
 48246 | Elf:3    | Identified the +1 pair of gloves of Meumic {Will+ Int+4
                  | Dex+3}
 48265 | Elf:3    | Identified the ring "Peoco" {Wiz rC++ Will- Dex+2 Slay+3}
 48269 | Elf:3    | Identified the +9 hand crossbow of Idomizod {elec, rElec
                  | Will+ Dex+2}
 48282 | Elf:3    | Identified the +1 chain mail "Cuadweth" {rPois rF- rC-
                  | rN++}
 49335 | Depths:1 | Entered Level 1 of the Depths
 49338 | Depths:1 | Received a gift from Trog
 49583 | Depths:1 | Found a runed translucent gate.
 49584 | Depths:1 | Found a runed translucent gate.
 49584 | Depths:1 | Noticed Inuut's ghost (veteran HOFi)
 49586 | Depths:1 | Found a runed translucent gate.
 49765 | Depths:1 | Found a gateway to Hell.
 49778 | Depths:1 | Noticed the Enchantress
 49793 | Depths:1 | Killed the Enchantress
 50027 | Depths:1 | Noticed a caustic shrike
 50097 | Depths:1 | Found a snail-covered altar of Cheibriados.
 50500 | Depths:2 | Found a one-way gate leading to the halls of Pandemonium.
 50787 | Depths:2 | Received a gift from Trog
 50787 | Depths:2 | Found the +13 scythe of Curses {drain, Drain}
 50894 | Depths:2 | Noticed a juggernaut
 50903 | Depths:2 | Killed a juggernaut
 50904 | Depths:2 | Reached XP level 23. HP: 229/232 MP: 22/22
 51038 | Depths:2 | Received a gift from Trog
 51078 | Depths:2 | Noticed a caustic shrike
 51086 | Depths:2 | Killed a caustic shrike
 51366 | Depths:2 | Reached skill level 25 in Fighting
 51898 | Depths:3 | Received a gift from Trog
 52181 | Depths:3 | Found a gateway to a bazaar.
 52565 | Depths:3 | Found a one-way gateway to a ziggurat.
 52701 | Depths:4 | Entered Level 4 of the Depths
 52800 | Depths:4 | Found Kouwk's Book Boutique.
 52800 | Depths:4 | Found Cuzupem's Jewellery Emporium.
 52801 | Depths:4 | Found Erraligh's Jewellery Emporium.
 52911 | Depths:4 | Found a gate to the Realm of Zot.
 53305 | Depths:4 | Found a shadowy altar of Dithmenos.
 53368 | Depths:4 | Found Ocsoyth's General Store.
 53499 | Depths:4 | Identified the +1 scale mail of the Pit {+Blink Int+3}
 53970 | Depths:4 | Found a runed translucent gate.
 53970 | Depths:4 | Found a runed translucent gate.
 53970 | Depths:4 | Found a runed translucent gate.
 53970 | Depths:4 | Noticed an ancient lich
 53970 | Depths:4 | Noticed Bieg's ghost (veteran HOFi)
 54139 | Depths:4 | Killed an ancient lich
 54151 | Depths:4 | Identified the +6 battleaxe of Oraisire {flame, +Blink rC++
                  | rCorr Str-2} (Trog gifted it to you on level 4 of the
                  | Depths)
 54151 | Depths:4 | Received a gift from Trog
 54234 | Depths:4 | Killed Bieg's ghost
 54495 | Depths:4 | Identified the +0 pair of gloves "Seiptos" {Str+6}
 54658 | Depths:1 | Killed a caustic shrike
 54674 | Depths:1 | Killed Inuut's ghost
 54675 | Depths:1 | Reached XP level 24. HP: 228/228 MP: 22/22
 55015 | Vaults:5 | Entered Level 5 of the Vaults
 55104 | Vaults:5 | Received a gift from Trog
 55106 | Vaults:5 | Identified the +8 lajatang of Ykiat {antimagic, *Corrode
                  | rPois rC+++ Int-5}
 55220 | Vaults:5 | Reached skill level 26 in Fighting
 55225 | Vaults:5 | Identified the +4 flail of Crusades {antimagic, rC+ Str-4
                  | Int+6 Stlth+}
 55494 | Vaults:5 | Received a gift from Trog
 55854 | Vaults:5 | Noticed an ancient lich
 55861 | Vaults:5 | Killed an ancient lich
 55865 | Vaults:5 | Identified the ring "Puxoru Pibig" {rElec AC+4 Dex+2}
 56022 | Vaults:5 | Identified the +7 chain mail "Ifaatef" {rN+}
 56136 | Vaults:5 | Identified the +6 glaive "Kallu" {protect, Str+3}
 56145 | Vaults:5 | Received a gift from Trog
 56301 | Vaults:5 | Reached skill level 27 in Fighting
 56305 | Vaults:5 | Got a silver rune of Zot
 56347 | Vaults:5 | Noticed Boris
 56361 | Vaults:5 | Killed Boris
 56523 | Vaults:5 | Identified the +4 lajatang of the Swamp {pain, rF+}
 56774 | Vaults:5 | Found the +3 warlock's mirror {reflect}
 56780 | Vaults:5 | Identified the +5 demon trident of Peace {flame, *Corrode
                  | rPois rN+++ Stlth-}
 57193 | Depths:4 | Bought 2 scrolls of teleportation for 138 gold pieces
 57193 | Depths:4 | Bought a scroll of teleportation for 69 gold pieces
 57193 | Depths:4 | Bought a scroll of summoning for 218 gold pieces
 57193 | Depths:4 | Bought a potion of ambrosia for 184 gold pieces
 57346 | D:12     | Bought a scroll of teleportation for 48 gold pieces
 57346 | D:12     | Bought a scroll of teleportation for 48 gold pieces
 57508 | Zot:1    | Entered Level 1 of the Realm of Zot
 57574 | Zot:1    | Reached XP level 25. HP: 253/257 MP: 22/22
 57580 | Zot:1    | Noticed a Killer Klown
 57594 | Zot:1    | Killed a Killer Klown
 58029 | Zot:1    | Noticed an orb of fire
 58036 | Zot:1    | Gained mutation: Your body sometimes deteriorates upon
                  | taking damage. [an orb of fire]
 58041 | Zot:1    | Gained mutation: Your body often deteriorates upon taking
                  | damage. [an orb of fire]
 58043 | Zot:1    | Gained mutation: You are dopey. (Int -2) [an orb of fire]
 58045 | Zot:1    | Gained mutation: You are strong-willed. (Will+) [an orb of
                  | fire]
 58048 | Zot:1    | Lost intelligence.
 58048 | Zot:1    | Gained mutation: You are very dopey. (Int -4) [an orb of
                  | fire]
 58050 | Zot:1    | HP: 12/248 [purple draconian/bolt of dispelling energy
                  | (22)]
 58053 | Zot:1    | Killed an orb of fire
 58055 | Zot:1    | HP: 11/251 [purple draconian/+0 scimitar (24)]
 58056 | Zot:1    | Slain by a purple draconian

Illustrated notes

Levels and vault maps discovered:
D:1:      dpeg_arrival_shrine, layout_basic
D:2:      layout_basic
D:3:      layout_basic
D:4:      layout_basic, uniq_duvessa
D:5:      layout_rooms, minmay_temple_entry_sparse_star, gammafunk_ghost_split
D:6:      layout_cave_pools, lemuel_crystal_altar,
          nicolae_overflow_hallway_of_the_gods, minmay_manual_mail,
          uniq_blork_the_orc
D:7:      black_bear_nest_2, layout_rooms, ebering_ghost_xom
D:8:      layout_gridville, special_room [special_room_orc],
          kennysheep_generic_room_5, uniq_pikel
D:9:      layout_basic, nicolae_ru_sacrificial_ziggurat,
          due_lair_maze_entry_diamond, evilmike_minifort
D:10:     layout_basic, mainiacjoe_overflow_large_starburst
D:11:     hangedman_what_comes_after_a, layout_basic,
          minmay_orc_entry_guard_dogs, zin_purify, uniq_amaemon
D:12:     layout_basic, minmay_shop_grid_forest
D:13:     layout_long_grid, david_vaults_5, gammafunk_ghost_fury_of_okawaru,
          serial_shops, nicolae_shop_competitors_out_of_business, moated_statue
D:14:     layout_cave_pools, uniq_louise, uniq_kirke
D:15:     grunt_enter_depths_hoard, layout_irregular_city, basic_altar,
          gauntlet_entry_generic
Lair:1:   layout_roguey, serial_bayou, serial_bayou_pond_c,
          serial_bayou_shore_a, serial_bayou_pond_c, serial_bayou_pond_a,
          serial_bayou_shore_b, tgw_fedhas, lemuel_fruit_tree,
          infiniplex_staircase_pool
Lair:2:   layout_gridlike, swamp_mist
Lair:3:   layout_loops_ring, lemuel_fruit_fields
Lair:4:   layout_regular_city, minmay_snake_entry_six_corridors
Lair:5:   pond_and_an_island_with_a_cottage, layout_loops_ring,
          minmay_lindwurm_lava
Lair:6:   hellmonk_lair_end_abyssal_woods, layout_gridlike, slime_altar_1,
          nicolae_lair_run_with_the_wolves, grunt_megastairs_3
Swamp:1:  layout_basic_swamp, serial_swamp_ruin, hangedman_swamp_ruin_hall,
          evilmike_swamp_ruin_house_5
Swamp:2:  layout_falls_marsh, evilmike_swamp_ruin_house_3
Swamp:3:  layout_falls_marsh, lemuel_altar_in_water, nzn_swamp_dancing_lights,
          uniq_mara
Swamp:4:  swamp_vile, layout_basic_swamp
Snake:1:  layout_concentric_octagons, uniq_roxanne, uniq_aizul, uniq_agnes,
          uniq_donald
Snake:2:  layout_misc_corridors, gammafunk_ghost_wrathful_warriors, uniq_vashnia
Snake:3:  layout_misc_corridors, ebering_ghost_xom, serial_shops, shop,
          uniq_bai_suzhen
Snake:4:  hellmonk_snake_rune_quicksilver_temple, layout_chambers, serial_shops,
          shop, portal_ice_cave_entry_pillars_2, grunt_megastairs_5
Orc:1:    layout_caves, gammafunk_ghost_cemetery
Orc:2:    st_orc_congregation, layout_caves, uniq_erolcha, uniq_saint_roka
Elf:1:    eino_elf_arrival_sip, layout_loops_cross, serial_shops,
          shop_fountains, hangedman_elf_represent, feat_on_display
Elf:2:    nicolae_elf_blades_splatter_lattice [nicolae_blade_little_rooms],
          layout_loops_ring, wad_dig_loot
Elf:3:    minmay_elf_hall_four_x, layout_gridlike
Vaults:1: v_misc_15, vaults_room_pool, vaults_room_corners, v_misc_33,
          ontoclasm_vaults_chip, vaults_standard_mumra_enter_the_diamond,
          vaults_room_fours, nicolae_vaults_hallways_thing, v_rooms_2,
          ontoclasm_vaults_ring_square, nicolae_vaults_big_angled_halls,
          layout_vaults_omnigrid, serial_shops, bzr_in_the_mist
Vaults:2: minmay_crypt_entry_simple_plaza, ontoclasm_vaults_fault,
          hangedman_vaults_stagger, v_misc_29, vaults_room_corners,
          nicolae_vaults_branching_niches, vaults_mumra_hex,
          hangedman_vaults_stream, vaults_mumra_hexcomb, vaults_dpeg_cross,
          nicolae_vaults_specimen_jars, nicolae_vaults_little_squares_1,
          layout_vaults_ring, uniq_frederick, uniq_zenata
Vaults:3: kb_rosetta, v_misc_27, nicolae_vaults_ninety_degrees,
          hangedman_vaults_slice, v_misc_11, vaults_room_pools, v_misc_5,
          v_misc_25, grunt_vaults_hallway_short, layout_vaults_omnicross,
          uniq_jory
Vaults:4: v_pattern_3, vaults_room_grunt_arrival_checkpoint, v_misc_5,
          ontoclasm_vaults_ligature, vaults_room_door_hall,
          nicolae_vaults_three_branches, layout_vaults_big_room, enter_trove_2,
          uniq_boris, uniq_mennas
Vaults:5
Depths:1: layout_cave_shapes, abyss_entry, gammafunk_ghost_split,
          grunt_mini_vestibule, minmay_hedge_maze, grunt_ministairs_5,
          chei_slow_surprise, uniq_enchantress
Depths:2: minmay_central_circle, layout_cave_pools, pan_entry, hell_entry
Depths:3: hangedman_elemental_death_ray, layout_small_grid, enter_ziggurat_e,
          marbit_kobold_abyss_entry, serial_shops, statue_bzr,
          pf_dread_powers_of_hell, chequers_serial_rivers_room_b,
          infiniplex_staircase_diamond
Depths:4: grunt_x_marks_the_spot, layout_cave_shapes,
          gammafunk_ghost_necromancy, nicolae_dithmenos_the_darkroom,
          hell_entry, serial_shops, nicolae_diamond_shop, abyss_entry,
          minmay_shop_grove
Zot:1:    grunt_zot_stairs_mandelzot, layout_basic

Skill      XL: |  1  2  3  4  5  6  7  8  9 10 11 12 13 14 15 16 17 18 19 20 21 22 23 24 25 |
---------------+----------------------------------------------------------------------------+-----
Fighting       | 4 5 6 7 9 10 13 15 17 18 19 20 21 22 24 25 27 | 27.0
Axes           | 4 5 6 7 8 10 | 10.5
Armour         | 3 5 6 7 8 10 12 14 15 17 18 19 20 23 24 25 | 25.0
Polearms       | 1 12 16 18 19 20 23 25 | 25.3
Dodging        | 4 6 8 10 12 14 16 18 19 20 21 | 21.1
Evocations     | 2 7 8 10 11 12 13 15 16 17 | 17.0

Action                   |  1- 3 |  4- 6 |  7- 9 | 10-12 | 13-15 | 16-18 | 19-21 | 22-24 | 25-27 || total
-------------------------+-------+-------+-------+-------+-------+-------+-------+-------+-------++-------
Melee: Hand axe          |    80 |    47 |   151 |       |       |       |       |       |       ||   278
       Headbutt          |    11 |     5 |    36 |    74 |   187 |   150 |   171 |   254 |    11 ||   899
       Punch             |       |       |     2 |       |       |       |       |       |       ||     2
       Glaive            |       |       |    72 |   517 |  1056 |    16 |       |       |    14 ||  1675
       Great mace        |       |       |       |       |     3 |       |       |       |       ||     3
       Bardiche          |       |       |       |       |    15 |   970 |  1010 |   967 |    44 ||  3006
       Executioner's axe |       |       |       |       |       |     7 |       |       |       ||     7
       Scythe            |       |       |       |       |       |       |       |   339 |       ||   339
 Fire: Hunting sling     |       |       |    14 |       |       |       |       |       |       ||    14
Throw: Stone             |    65 |       |       |       |       |       |       |       |       ||    65
       Boomerang         |       |    22 |    34 |    49 |   134 |    12 |       |       |       ||   251
       Dart              |       |       |       |       |       |     6 |       |       |       ||     6
       Javelin           |       |       |       |       |       |    28 |    16 |    14 |       ||    58
       Throwing net      |       |       |       |       |       |     3 |       |       |       ||     3
Invok: Berserk           |       |     3 |    12 |    15 |    24 |    19 |    14 |    16 |       ||   103
       Trog's Hand       |       |       |       |       |     4 |     5 |     5 |     8 |     2 ||    24
       Brothers in Arms  |       |       |       |       |     1 |       |     1 |     5 |     2 ||     9
 Abil: Evoke Blink       |       |       |       |       |     1 |       |       |       |       ||     1
Evoke: Phantom mirror    |       |       |       |       |       |       |     1 |       |     1 ||     2
       Condenser vane    |       |       |       |       |       |       |     1 |       |       ||     1
       Wand              |       |       |       |       |       |       |       |     4 |       ||     4
       Lightning rod     |       |       |       |       |       |       |       |     4 |       ||     4
  Use: Scroll            |       |       |    13 |     4 |    10 |    11 |     3 |     4 |     1 ||    46
       Potion            |       |       |       |     1 |     1 |     4 |     2 |     4 |     5 ||    17
 Stab: Distracted        |       |       |       |       |     1 |     1 |       |     4 |       ||     6
       Invisible         |       |       |       |       |       |    15 |     8 |    18 |     1 ||    42
       Held in net/web   |       |       |       |       |       |     1 |       |       |       ||     1
Armor: Animal skin       |     3 |       |       |       |       |       |       |       |       ||     3
       Ring mail         |    33 |       |       |       |       |       |       |       |       ||    33
       Chain mail        |       |    22 |   115 |   226 |   296 |       |       |       |       ||   659
       Gold dragon scale |       |       |       |       |   145 |   410 |   440 |   493 |    27 ||  1515
Dodge: Dodged            |    67 |    20 |    83 |   203 |   415 |   477 |   543 |   658 |    53 ||  2519
       Repelled          |       |       |       |     1 |     5 |       |       |       |       ||     6
Block: Other             |       |       |    15 |    64 |    42 |   146 |   119 |    62 |     4 ||   452
       Reflection        |       |       |       |     6 |     8 |    13 |    15 |     1 |       ||    43

Table legend: (Time is in decaauts)
 A = Elapsed time spent in this place.
 B = Non-inter-level travel time spent in this place.
 C = Inter-level travel time spent in this place.
 D = Time resting spent in this place.
 E = Time spent auto-exploring this place.
 F = Levels seen in this place.
 G = Mean time per level.
                   A        B        C        D        E       F      G
               +--------+--------+--------+--------+--------+-----+--------+
         Total |  57997 |  52387 |   5610 |  13672 |  27921 |  47 | 1234.0 |
       Dungeon |  16409 |  14054 |   2355 |   3326 |   8034 |  15 | 1093.9 |
          Lair |   6136 |   5610 |    526 |    930 |   3810 |   6 | 1022.7 |
         Swamp |   4549 |   4342 |    207 |   1467 |   2117 |   4 | 1137.2 |
     Snake Pit |   6325 |   6000 |    325 |   1631 |   3199 |   4 | 1581.2 |
  Orcish Mines |   2579 |   1844 |    735 |    475 |    778 |   2 | 1289.5 |
   Elven Halls |   4684 |   4526 |    158 |   1422 |   2188 |   3 | 1561.3 |
        Vaults |   9194 |   8401 |    793 |   2041 |   4365 |   5 | 1838.8 |
        Depths |   5763 |   5260 |    503 |   1577 |   2714 |   4 | 1440.8 |
           Zot |    258 |    253 |      5 |     81 |     18 |   1 |  258.0 |
        Bazaar |     31 |     31 |      0 |      0 |      0 |   1 |   31.0 |
      Ice Cave |   1293 |   1293 |      0 |    560 |    420 |   1 | 1293.0 |
      Gauntlet |    771 |    771 |      0 |    158 |    277 |   1 |  771.0 |
               +--------+--------+--------+--------+--------+-----+--------+

Top non-repeatable levels by time:
Vaults:1: 2366 daAuts
Depths:4: 2236 daAuts
 Snake:4: 2152 daAuts
 Snake:1: 2054 daAuts
   Elf:3: 2042 daAuts
Vaults:2: 2027 daAuts
    D:13: 1871 daAuts
     D:9: 1863 daAuts
Vaults:5: 1754 daAuts
 Swamp:3: 1754 daAuts
   Orc:2: 1580 daAuts
Vaults:3: 1541 daAuts
   Elf:1: 1532 daAuts
    D:11: 1519 daAuts
Vaults:4: 1504 daAuts
